Map: Jagannatha LE

Players

Serral - Winner!

  • Race: Zerg Zerg
  • League: Grandmaster

LiquidMaNa (MaNa)

  • Race: Protoss Protoss
  • League: Grandmaster

Event: DreamHack SC2 Masters 2021 Summer

VOD

Have the link to the VOD?

Description

Time

  • Played on: May 28, 2021, 10:52 a.m.
  • Length: 14:04

All games in this series

Show
View Real Time Build Order
Export as new Build Order

Serral Zerg - Winner!

Build Orders: Pool First, Muta Ling Bane 

Get SALT Encoding   

  12  0:00  Drone  
  13  0:12  Overlord  
  13  0:17  Drone  
  14  0:30  Drone x2  
  14  0:34  Drone  
  17  0:44  Spawning Pool  
  16  1:02  Drone  
  17  1:08  Drone  
  18  1:14  Hatchery  
  17  1:19  Drone  
  17  1:21  Extractor  
  17  1:31  Queen, Zergling x2  
  20  1:33  Drone  
  20  1:39  Overlord  
  21  1:50  Drone  
  22  2:02  Drone  
  22  2:06  Queen  
  25  2:14  Drone  
  26  2:21  Metabolic Boost  
  26  2:23  Drone  
  26  2:28  Drone, Queen  
  30  2:35  Zergling x2  
  31  2:43  Overlord  
  31  2:45  Zergling x2  
  31  2:47  Drone  
  33  2:53  Spore Crawler  
  33  2:58  Hatchery  
  31  3:03  Zergling x2  
  32  3:05  Drone  
  32  3:06  Drone  
  32  3:07  Drone  
  32  3:08  Drone  
  32  3:10  Drone  
  37  3:17  Overlord  
  37  3:25  Zergling x2  
  37  3:32  Zergling x4  
  37  3:37  Drone x6  
  41  3:46  Overlord  
  41  3:48  Drone x3  
  44  3:58  Overlord  
  43  4:04  Queen x2  
  43  4:05  Drone  
  43  4:07  Drone  
  43  4:08  Drone  
  50  4:12  Spore Crawler  
  50  4:15  Spore Crawler  
  50  4:16  Drone  
  49  4:18  Drone  
  49  4:19  Drone  
  49  4:21  Drone  
  52  4:30  Drone x4  
  53  4:32  Drone  
  53  4:37  Drone  
  52  4:39  Drone  
  52  4:42  Drone x2  
  55  4:50  Drone x3, Baneling Nest  
  57  4:53  Roach Warren  
  57  4:58  Queen  
  59  5:01  Queen  
  59  5:04  Extractor, Drone x2  
  59  5:06  Drone  
  63  5:10  Spore Crawler  
  63  5:12  Zergling x2  
  63  5:13  Overlord  
  63  5:14  Drone  
  63  5:16  Overlord  
  64  5:21  Zergling x2  
  64  5:22  Zergling x2  
  64  5:25  Drone  
  64  5:27  Lair  
  66  5:30  Overlord  
  66  5:31  Drone x2  
  66  5:32  Drone x2  
  66  5:33  Drone  
  66  5:34  Drone  
  72  5:36  Drone  
  72  5:37  Drone  
  72  5:38  Drone  
  72  5:42  Overlord  
  75  5:43  Drone x2  
  75  5:46  Overlord  
  75  5:50  Overlord  
  75  5:55  Drone x3  
  78  6:00  Drone x3  
  78  6:01  Extractor x2  
  78  6:03  Drone  
  80  6:07  Drone x2  
  80  6:09  Evolution Chamber  
  81  6:14  Queen x2  
  81  6:17  Drone x4  
  81  6:18  Drone, Extractor x2  
  87  6:31  Drone x2  
  87  6:32  Drone  
  90  6:33  Queen  
  90  6:34  Spire, Glial Reconstitution  
  90  6:38  Zerg Missile Weapons Level 1  
  90  6:42  Zergling x8  
  90  6:47  Overlord  
  94  6:49  Hatchery  
  94  6:50  Queen  
  94  6:52  Queen  
  97  7:01  Zergling x8  
  99  7:07  Overlord  
  99  7:09  Queen, Overlord  
  101  7:15  Drone x2  
  101  7:16  Drone x3  
  101  7:17  Overlord  
  101  7:18  Drone  
  101  7:19  Drone  
  101  7:22  Overlord  
  106  7:25  Queen  
  106  7:26  Drone x3  
  106  7:27  Drone x2  
  106  7:28  Queen  
  115  7:46  Mutalisk  
  115  7:47  Mutalisk x8  
  115  7:49  Extractor, Zerg Flyer Weapons Level 1  
  115  7:50  Extractor  
  131  7:56  Mutalisk x2  
  131  7:57  Overlord x2  
  135  8:02  Drone x2  
  135  8:06  Overlord  
  135  8:10  Mutalisk x2  
  138  8:13  Drone x6  
  138  8:18  Overlord  
  144  8:20  Mutalisk x2  
  144  8:26  Drone  
  144  8:27  Drone x4  
  153  8:31  Baneling Nest  
  152  8:39  Hatchery  
  152  8:40  Infestation Pit  
  150  8:42  Roach x4  
  150  8:44  Drone x2  
  160  8:48  Zerg Melee Weapons Level 1  
  160  8:50  Overlord x2  
  160  8:54  Overlord  
  160  8:56  Roach x3  
  166  9:07  Overlord  
  166  9:08  Mutalisk x6  
  178  9:11  Drone  
  178  9:12  Drone x2  
  178  9:14  Drone x2  
  178  9:16  Drone x2  
  185  9:20  Hive  
  185  9:22  Evolution Chamber  
  184  9:24  Extractor  
  184  9:25  Drone, Centrifical Hooks  
  184  9:27  Extractor  
  184  9:29  Zergling x12  
  189  9:39  Zergling x20  
  199  9:46  Spire, Zerg Flyer Armor Level 1  
  198  9:59  Spine Crawler  
  192  10:14  Corruptor x5  
  190  10:21  Corruptor x5  
  190  10:27  Zergling x16  
  193  10:38  Ultralisk Cavern  
  192  10:45  Viper x2  
  198  10:50  Overseer  
  198  10:55  Zerg Melee Weapons Level 2  
  198  10:56  Zerg Ground Armor Level 1  
  198  10:57  Drone x2  
  198  10:58  Spore Crawler  
  198  11:01  Drone  
  197  11:12  Hatchery  
  197  11:16  Zergling x26  
  197  11:17  Zergling x6  
  166  11:33  Drone x2  
  166  11:34  Drone  
  166  11:35  Overseer  
  166  11:36  Chitinous Plating  
  169  11:40  Ultralisk x4  
  169  11:42  Corruptor  
  169  11:43  Corruptor x2  
  199  11:55  Baneling x3  
  199  11:56  Baneling x6  
  199  11:58  Extractor  
  199  11:59  Extractor  
  197  12:06  Greater Spire, Corruptor  
  199  12:09  Hatchery  
  199  12:14  Pneumatized Carapace  
  198  12:45  Corruptor  
  200  12:54  Anabolic Synthesis  
  200  12:58  Spore Crawler  
  185  13:14  Corruptor x8  
Show
View Real Time Build Order
Export as new Build Order

LiquidMaNa Protoss 

Build Orders: 1 Gate Expand, Oracle Opening, Carriers 

Get SALT Encoding   

  12  0:00  Probe  
  13  0:12  Probe  
  14  0:20  Pylon  
  14  0:24  Probe (Chrono Boost)  
  15  0:40  Probe (Chrono Boost)  
  15  0:42  Gateway  
  16  0:45  Probe (Chrono Boost)  
  17  0:51  Assimilator  
  17  0:54  Probe  
  18  1:06  Probe  
  19  1:18  Probe  
  20  1:28  Cybernetics Core  
  20  1:30  Probe  
  21  1:43  Nexus  
  21  1:50  Pylon  
  21  1:55  Assimilator  
  22  2:02  Adept (Chrono Boost)  
  23  2:08  Probe  
  24  2:20  Stargate  
  24  2:21  Probe  
  25  2:24  Adept (Chrono Boost)  
  27  2:33  Probe  
  27  2:35  Warp Gate  
  27  2:45  Probe  
  28  2:54  Void Ray (Chrono Boost)  
  28  2:57  Probe  
  29  3:02  Probe  
  34  3:10  Probe, Gateway  
  35  3:14  Probe  
  35  3:19  Pylon  
  36  3:22  Probe  
  37  3:29  Oracle (Chrono Boost)  
  40  3:40  Probe x2  
  40  3:52  Probe x2  
  40  3:53  Assimilator  
  40  3:55  Assimilator  
  42  3:58  Void Ray  
  42  4:04  Probe (Chrono Boost)  
  42  4:07  Probe (Chrono Boost)  
  48  4:16  Probe (Chrono Boost)  
  50  4:17  Pylon  
  50  4:20  Probe (Chrono Boost)  
  50  4:21  Probe (Chrono Boost)  
  51  4:28  Probe  
  51  4:30  Probe  
  53  4:37  Void Ray  
  53  4:42  Probe  
  58  4:45  Probe  
  58  4:47  Pylon  
  58  4:51  Robotics Facility  
  58  4:52  Forge  
  59  4:54  Probe  
  59  4:55  Adept  
  62  5:05  Probe  
  62  5:06  Stargate  
  63  5:07  Pylon  
  63  5:09  Probe  
  64  5:17  Probe  
  65  5:23  Void Ray  
  65  5:24  Probe  
  65  5:27  Nexus  
  66  5:32  Probe  
  71  5:35  Shield Battery  
  71  5:36  Probe  
  71  5:37  Shield Battery  
  72  5:45  Void Ray  
  72  5:54  Probe x2  
  78  5:59  Robotics Bay  
  78  6:01  Pylon  
  78  6:05  Photon Cannon  
  78  6:07  Shield Battery  
  78  6:09  Pylon  
  78  6:13  Void Ray  
  78  6:19  Probe x2, Protoss Air Weapons Level 1 (Chrono Boost)  
  78  6:20  Observer  
  78  6:22  Pylon  
  85  6:31  Probe x2  
  87  6:37  Void Ray  
  87  6:40  Assimilator  
  87  6:43  Probe, Assimilator  
  87  6:44  Probe x2  
  94  6:47  Disruptor  
  94  6:53  Pylon  
  97  6:55  Probe  
  97  6:56  Probe  
  95  7:02  Probe  
  95  7:07  Probe  
  97  7:15  Probe x2  
  99  7:16  Void Ray x2, Fleet Beacon  
  99  7:20  Probe  
  108  7:27  Probe x2, Disruptor  
  113  7:32  Probe  
  114  7:38  Gateway  
  114  7:39  Probe x2  
  116  7:48  Shield Battery  
  116  7:52  Stargate  
  116  7:56  Void Ray x2  
  116  7:59  Flux Vanes  
  124  8:11  Gateway  
  124  8:12  Photon Cannon  
  123  8:14  Photon Cannon  
  123  8:22  Twilight Council  
  123  8:25  Shield Battery  
  123  8:31  Photon Cannon  
  123  8:32  Phoenix  
  123  8:34  Pylon  
  123  8:39  Nexus  
  125  8:42  Shield Battery  
  125  8:44  Phoenix x2  
  125  8:47  Pylon  
  125  8:48  Pylon  
  125  8:49  Photon Cannon, Pylon  
  125  8:50  Pylon  
  125  8:51  Pylon  
  125  8:54  Probe x2  
  131  8:58  Stalker  
  131  9:01  Stalker  
  131  9:05  Shield Battery  
  131  9:09  Phoenix x2, Shield Battery  
  129  9:12  Phoenix  
  133  9:18  Anion Pulse-Crystals (Chrono Boost)  
  133  9:26  Protoss Air Weapons Level 2 (Chrono Boost)  
  133  9:33  Probe x2  
  133  9:34  Probe, Phoenix  
  137  9:39  Phoenix x2  
  141  9:51  Probe x2  
  141  9:52  Probe x2  
  145  9:54  Pylon  
  145  9:56  Assimilator  
  145  10:00  Assimilator  
  139  10:17  Phoenix x2 (Chrono Boost)  
  132  10:34  Carrier (Chrono Boost)  
  132  10:39  Carrier x2 (Chrono Boost)  
  132  10:41  Photon Cannon  
  150  10:48  Nexus  
  150  10:51  Photon Cannon  
  150  10:53  Photon Cannon  
  150  10:54  Shield Battery  
  150  10:56  Photon Cannon  
  146  11:13  Probe  
  146  11:18  Zealot x3  
  137  11:20  Probe  
  137  11:21  Probe  
  131  11:25  Probe  
  131  11:26  Carrier  
  134  11:33  Probe x2  
  134  11:34  Templar Archives  
  134  11:37  Probe  
  134  11:38  Carrier  
  143  11:42  Carrier  
  150  11:47  Probe x2  
  151  11:56  Charge  
  151  12:07  Assimilator  
  151  12:12  High Templar x2  
  151  12:14  Probe x4  
  159  12:26  Probe x3  
  162  12:30  Stalker  
  162  12:42  High Templar  
  164  12:44  High Templar  
  164  12:51  Archon  
  164  12:52  Archon  
  164  12:56  Immortal  
  165  13:36  Zealot x3  
Tags
 
Add a new tag
Caveats
  • Supply blocks, unpowered buildings, or Contaminate may cause inaccurate times.
  • Supply counts are checked every 10 seconds.